AoeStats
← Obelix

Arena

507716217Analyzed
1v1 RM · 14d ago on Sep 19, 2026· 62m 53s· 2 players
Game mode
Random Map
Map size
Tiny (2 player)
Population
200
Speed
Normal
Resources
Standard
Victory
Conquest
Starting age
Dark Age
Ending age
Imperial Age
RankedLock teamsTeams togetherTeam positionsShared explorationLock speedFull tech treeHidden civsTurbo modeCheats
Victory
Defeat
🇲🇰 Portuguese · North Macedonia
700
+18
🇦🇺 Bengalis · Australia
751
-44
mladiot_starec
10:12 Feudal Age
15:28 Castle Age
28:14 Wheelbarrow
32:09 Imperial Age
32:18 Pikeman
32:27 Elite Skirmisher
33:13 Thumb Ring
33:05 Fletching
33:18 Elite Organ Gun
36:04 Halberdier
41:19 Scale Mail Armor
41:29 Forging
43:27 Chemistry
42:33 Siege Engineers
47:32 Chain Mail Armor
47:53 Iron Casting
47:14 Bodkin Arrow
47:20 Padded Archer Armor
51:11 Leather Archer Armor
50:57 Bracer
51:57 Blast Furnace
51:28 Plate Mail Armor
57:06 Ballistics
Obelix
3:08 Loom
10:45 Feudal Age
12:26 Man-at-Arms
16:28 Fletching
21:36 Castle Age
19:50 Double-Bit Axe
19:49 Horse Collar
20:23 Gold Mining
21:23 Stone Mining
21:36 Padded Archer Armor
21:47 Forging
22:48 Crossbowman
25:05 Bow Saw
26:20 Gold Shaft Mining
25:50 Heavy Plow
26:11 Leather Archer Armor
36:26 Imperial Age
34:13 Husbandry
34:24 Bloodlines
34:26 Scale Barding Armor
34:22 Scale Mail Armor
34:36 Murder Holes
34:54 Fortified Wall
34:55 Masonry
34:30 Treadmill Crane
34:50 Bodkin Arrow
36:25 Ballistics
38:22 Conscription
42:18 Iron Casting
41:59 Chain Mail Armor
41:13 Elite Ratha (Ranged)
43:00 Elite Battle Elephant
44:06 Chain Mail Armor
44:18 Elite Skirmisher
46:28 Chain Barding Armor
47:36 Paiks
50:24 Light Cavalry
56:24 Plate Barding Armor
56:21 Ring Archer Armor
56:56 Blast Furnace
57:54 Siege Elephant
Connection lost

Rejoining the realm…

Still unreachable

The connection could not be restored.

Session expired

The server has moved on; the page needs a fresh start.